Map: Acid Plant LE

Players

SpeCial

  • Race: Terran Terran
  • Spawn Location: 11:00

Has - Winner!

  • Race: Protoss Protoss
  • Spawn Location: 5:00

Event: WCS Valencia 2018

VOD

Have the link to the VOD?

Description

Time

  • Played on: July 12, 2018, 1:39 p.m.
  • Length: 5:50

All games in this series

Show
View Real Time Build Order
Export as new Build Order

SpeCial Terran 

Build Orders: Reaper Expand 

Get SALT Encoding   

  12  0:00  SCV  
  13  0:13  SCV  
  14  0:17  Supply Depot  
  14  0:25  SCV  
  15  0:38  SCV  
  15  0:40  Barracks  
  16  0:43  Refinery  
  16  0:50  SCV  
  17  1:03  SCV  
  18  1:15  SCV  
  19  1:28  Reaper  
  19  1:29  Orbital Command  
  20  1:41  Command Center  
  20  1:54  Supply Depot  
  20  1:55  SCV  
  20  2:00  Marine  
  22  2:07  SCV  
  23  2:11  Factory  
  23  2:19  SCV, Marine  
  25  2:31  Bunker, SCV  
  26  2:37  Marine  
  26  2:43  SCV  
  28  2:46  Bunker  
  28  2:54  Orbital Command  
  28  2:55  Marine  
  28  2:58  Bunker  
  27  3:06  Cyclone  
  27  3:09  SCV  
  30  3:23  Marine  
  30  3:25  Bunker  
  32  3:31  Refinery  
  32  3:35  Starport  
  32  3:38  SCV x2  
  32  3:39  Factory Tech Lab  
  34  3:47  Supply Depot  
  33  3:49  Marine  
  33  3:50  SCV  
  34  4:07  Marine, Siege Tank  
  38  4:16  SCV  
  38  4:17  Orbital Command  
  38  4:20  Supply Depot  
  38  4:21  Supply Depot  
  38  4:26  Supply Depot  
  38  4:33  SCV  
  37  4:39  Viking  
  37  4:44  SCV  
  37  4:45  SCV  
  38  4:47  Siege Tank  
  38  4:52  Marine  
  42  4:56  SCV  
  42  4:57  SCV  
  41  5:10  Marine  
  44  5:22  Widow Mine  
  44  5:27  Marine  
Show
View Real Time Build Order
Export as new Build Order

Has Protoss - Winner!

Build Orders:  

Get SALT Encoding   

  12  0:08  Pylon  
  12  0:11  Probe  
  13  0:19  Probe  
  14  0:30  Gateway  
  14  0:31  Probe  
  15  0:43  Probe  
  15  0:45  Assimilator  
  16  0:55  Pylon  
  16  0:58  Assimilator  
  16  1:01  Probe  
  17  1:13  Probe  
  17  1:18  Cybernetics Core  
  18  1:26  Probe  
  18  1:31  Assimilator  
  20  1:46  Adept  
  19  1:54  Robotics Facility  
  19  1:58  Probe  
  22  2:06  Warp Gate  
  22  2:10  Probe  
  22  2:15  Adept  
  24  2:31  Immortal  
  24  2:44  Pylon  
  28  3:01  Pylon  
  28  3:14  Immortal  
  30  3:23  Pylon  
  30  3:25  Shield Battery  
  30  3:47  Shield Battery  
  30  3:48  Warp Prism  
  30  3:49  Shield Battery  
  32  4:04  Shield Battery  
  32  4:08  Shield Battery x2  
  30  4:19  Immortal  
  34  4:33  Shield Battery  
  34  4:49  Pylon  
  34  4:50  Probe  
  34  4:52  Sentry  
  37  5:04  Immortal  
  41  5:15  Stalker  
  43  5:43  Stalker  
Tags
 
Add a new tag
Caveats
  • Supply blocks, unpowered buildings, or Contaminate may cause inaccurate times.
  • Supply counts are checked every 10 seconds.